 Dungeon Crawl Stone Soup version 0.30-a0-1123-gabc949cf19 (webtiles) character file.

Game seed: 158437417249991548

887 gelatine the Chopper (level 7, -8/52 (56) HPs)
             Began as a Demonspawn Gladiator on Apr 22, 2023.
             Mangled by a wight
             ... wielding a +2 great sword
              (11 damage)
             ... on level 4 of the Dungeon.
             The game lasted 00:07:49 (2828 turns).

gelatine the Chopper (Demonspawn Gladiator)         Turns: 2828, Time: 00:07:50

HP:   -8/52 (56)    AC: 23    Str: 12 (13) XL:     7   Next: 77%
MP:   8/13          EV:  4    Int: 12 (13) God:
Gold: 196           SH:  4    Dex:  8 (10) Spells: 14/14 levels left

rFire   + + +        a - +0 war axe (drain)
rCold   x . .        (no shield)
rNeg    . . .        l - +8 plate armour of Gravity {rElec rF+++ Str-4 Dex-4}
rPois   .            c - +0 helmet
rElec   +            (no cloak)
rCorr   .            (no gloves)
SInv    .            (no boots)
Will    .....        (no amulet) Stlth
                     f - ring of flight
HPRegen 0.28/turn    o - +6 ring of intelligence
MPRegen 0.13/turn

%: no passive effects
@: flying, drained
A: hooves 1, molten scales 1, condensation shield, dopey 1, wild magic 1, cold
vulnerability 1
a: no special abilities


You were on level 4 of the Dungeon.
You visited 1 branch of the dungeon, and saw 4 of its levels.

You collected 196 gold pieces.

Inventory:

Hand Weapons
 a - a +0 war axe of draining (weapon)
Missiles
 d - 3 throwing nets
 e - 5 javelins (quivered)
 n - 4 curare-tipped darts
 p - 6 poisoned darts
Armour
 b - a +0 leather armour
 c - a +0 helmet (worn)
 l - the +8 plate armour of Gravity (worn) {rElec rF+++ Str-4 Dex-4}
   (You took it off a goblin on level 3 of the Dungeon)

   Str:       It affects your strength (-4).
   Dex:       It affects your dexterity (-4).
   rF:        It renders you almost immune to fire.
   rElec:     It insulates you from electricity.
Jewellery
 f - a ring of flight (left hand)
 g - an amulet of magic regeneration
 o - a +6 ring of intelligence (right hand)
Wands
 i - a wand of digging (1)
Scrolls
 k - a scroll of identify
 q - 2 scrolls of noise {unknown}
Potions
 h - a potion of brilliance
 m - a potion of magic
 s - 3 potions of mutation


   Skills:
 * Level 5.3 Fighting
 * Level 6.1 Axes
 * Level 4.8 Throwing
 * Level 4.6 Armour
 * Level 5.4 Dodging
 * Level 4.6 Stealth
 + Level 2.8 Shields
 * Level 4.3 Spellcasting


You had 14 spell levels left.
You didn't know any spells.
Your spell library contained the following spells:

 Spells                   Type           Power      Damage    Failure   Level
 Sublimation of Blood     Necr           3%         N/A       100%        2
 Petrify                  Tmut/Erth      3%         N/A       100%        4
 Irradiate                Conj/Tmut      1%         3d12      100%        5


Dungeon Overview and Level Annotations

Branches:
Dungeon (4/15)
 Temple: D:4-7

Altars:
Yredelemnul

Annotations:
D:4 Eustachio


Innate Abilities, Weirdness & Mutations

You have large cloven feet.
You are partially covered in molten scales. (AC +2)
A meltable shield of frost defends you. (SH +4)
You are dopey. (Int -2)
Your spells are a little harder to cast, but a little more powerful.
You are vulnerable to cold. (rC-)


Message History

The wight hits you but does no damage. You block the wight's attack.
You completely miss the wight. Your kick misses the wight.
The wight is heavily damaged.
You hit the wight. Your kick misses the wight.
The wight is lightly damaged.
You hit the wight. Your kick misses the wight.
The wight is moderately damaged.
The wight hits you with a +2 great sword!
* * * LOW HITPOINT WARNING * * *
You closely miss the wight. Your kick misses the wight.
The wight is moderately damaged.
The wight hits you with a +2 great sword.
* * * LOW HITPOINT WARNING * * *
The wight hits you but does no damage.
It was a potion of experience.
You feel more experienced!
Your Fighting skill gained 3 levels and is now at level 5!
Your Axes skill gained 2 levels and is now at level 6!
Your Throwing skill gained 2 levels and is now at level 4!
Your Armour skill gained 2 levels and is now at level 4!
Your Dodging skill gained 2 levels and is now at level 5!
Your Stealth skill gained 3 levels and is now at level 4!
Your Shields skill gained 2 levels and is now at level 2!
Your Spellcasting skill gained 3 levels and is now at level 4!
You have reached level 7!
Your demonic ancestry asserts itself...
Molten scales grow over part of your body.
The wight hits you but does no damage.
Okay, then.
Okay, then.
Okay, then.
It was a potion of degeneration.
There was something very wrong with that liquid.
You feel weakened.
You feel dopey.
You feel clumsy. The wight hits you but does no damage.
It was a potion of mutation.
You feel extremely strange.
You feel less in control of your magic.
You feel stupid.
You feel vulnerable to cold.
The wight hits you with a +2 great sword!
You die...

........#
........#
......... #
........# .##
......))####..###
......Jzz.......#
......#z...##....
##########z.....#
.......@zzJ...###
#########z...##
##....# ##
###..####
..######...##
...........#####
###..............
##...##...####..##
#..#....### ...


You could see 4 wights and an endoplasm.

Vanquished Creatures
  A black bear (D:3)
  A gnoll bouda (D:4)
  A hound (D:4)
  An orc priest (D:4)
  Natasha (thrice) (D:3)
  Robin (D:2)
  9 gnolls
  2 worms
  3 dart slugs
  3 orcs
  4 ball pythons
  5 bats
  10 endoplasms
  6 giant cockroaches
  19 goblins
  6 hobgoblins
  3 kobolds
  A quokka (D:1)
  2 frilled lizards
  9 rats
90 creatures vanquished.

Notes
Turn   | Place    | Note
-------+----------+-------------------------------------------
     0 | D:1      | gelatine the Demonspawn Gladiator began the quest for the
                  | Orb.
     0 | D:1      | Reached XP level 1. HP: 16/16 MP: 1/1
   240 | D:1      | Gained mutation: You have large cloven feet. [demonic
                  | ancestry]
   240 | D:1      | Reached XP level 2. HP: 22/22 MP: 2/2
   291 | D:1      | Reached skill level 3 in Axes
   541 | D:1      | Found a faded altar of an unknown god.
   551 | D:1      | Reached XP level 3. HP: 27/27 MP: 3/3
  1154 | D:2      | Reached skill level 1 in Spellcasting
  1158 | D:2      | Reached skill level 1 in Stealth
  1158 | D:2      | Gained mutation: A meltable shield of frost defends you.
                  | (SH +4) [demonic ancestry]
  1158 | D:2      | Reached XP level 4. HP: 13/33 MP: 5/5
  1162 | D:2      | HP: 1/33 [gnoll/+0 spear (8)]
  1450 | D:2      | Noticed Robin
  1471 | D:2      | Killed Robin
  1472 | D:2      | Reached skill level 1 in Armour
  1867 | D:3      | Noticed Natasha
  1876 | D:3      | Killed Natasha
  1877 | D:3      | Reached XP level 5. HP: 23/38 MP: 6/6
  1956 | D:3      | Noticed Natasha
  1961 | D:3      | Killed Natasha
  1982 | D:3      | Noticed Natasha
  1991 | D:3      | Killed Natasha
  1992 | D:3      | Reached skill level 4 in Axes
  2113 | D:3      | Found a basalt altar of Yredelemnul.
  2166 | D:3      | Identified the +8 plate armour of Gravity {rElec rF+++
                  | Str-4 Dex-4}
  2257 | D:3      | Noticed a black bear
  2266 | D:3      | Killed a black bear
  2267 | D:3      | Reached XP level 6. HP: 28/46 MP: 8/8
  2576 | D:4      | Noticed Eustachio
  2825 | D:4      | HP: 2/42 [wight/+2 great sword (1)]
  2826 | D:4      | Reached skill level 5 in Fighting
  2826 | D:4      | Reached skill level 6 in Axes
  2826 | D:4      | Reached skill level 5 in Dodging
  2826 | D:4      | Gained mutation: You are partially covered in molten
                  | scales. (AC +2) [demonic ancestry]
  2826 | D:4      | Reached XP level 7. HP: 2/52 MP: 8/13
  2828 | D:4      | Gained mutation: Your spells are a little harder to cast,
                  | but a little more powerful. [potion of mutation]
  2828 | D:4      | Gained mutation: You are dopey. (Int -2) [potion of
                  | mutation]
  2828 | D:4      | Gained mutation: You are vulnerable to cold. (rC-) [potion
                  | of mutation]
  2828 | D:4      | Mangled by a wight

Illustrated notes

Levels and vault maps discovered:
D:1:      eino_arrival_water_star, layout_basic,
          hellmonk_ecumenical_altar_blasted
D:2:      layout_loops_ring, grunt_decor_cap, minmay_misc_feat_diagonals,
          uniq_robin
D:3:      layout_rooms, lemuel_round_altar, uniq_natasha
D:4:      layout_rooms, uniq_eustachio, uniq_ijyb

Skill      XL: |  1  2  3  4  5  6 |
---------------+-------------------+-----
Axes           | 3 4 6 |  6.1
Dodging        | 3 5 |  5.4
Spellcasting   | 1 4 |  4.3
Stealth        | 1 4 |  4.6
Throwing       | 2 4 |  4.8
Armour         | 1 4 |  4.6
Fighting       | 5 |  5.3
Shields        | 2 |  2.8

Action                     |  1- 3 |  4- 6 |  7- 9 || total
---------------------------+-------+-------+-------++-------
  Melee: War axe           |    88 |   107 |       ||   195
         Kick              |    13 |    33 |       ||    46
         Punch             |     1 |     1 |       ||     2
  Throw: Throwing net      |     1 |     2 |       ||     3
         Javelin           |       |    13 |       ||    13
    Use: Potion            |       |     7 |     2 ||     9
         Scroll            |       |     6 |       ||     6
   Stab: Sleeping          |     3 |     1 |       ||     4
         Held in net/web   |       |     2 |       ||     2
 Armour: Leather armour    |    33 |    25 |       ||    58
         Plate armour      |       |    26 |     2 ||    28
  Dodge: Dodged            |    65 |    72 |       ||   137
  Block: Other             |       |    30 |       ||    30

Table legend: (Time is in decaauts)
 A = Elapsed time spent in this place.
 B = Non-inter-level travel time spent in this place.
 C = Inter-level travel time spent in this place.
 D = Time resting spent in this place.
 E = Time spent auto-exploring this place.
 F = Levels seen in this place.
 G = Mean time per level.
                   A        B        C        D        E       F      G
               +--------+--------+--------+--------+--------+-----+--------+
         Total |   2872 |   2801 |     71 |      0 |   2134 |   4 |  718.0 |
       Dungeon |   2872 |   2801 |     71 |      0 |   2134 |   4 |  718.0 |
               +--------+--------+--------+--------+--------+-----+--------+

Top non-repeatable levels by time:
     D:1: 1041 daAuts
     D:2: 830 daAuts
     D:3: 820 daAuts
     D:4: 179 daAuts
